AoeStats
← Orca17

Arabia

504077479Analyzed
1v1 RM · 1mo ago on Sep 3, 2026· 39m 16s· 2 players
Game mode
Random Map
Map size
Tiny (2 player)
Population
200
Speed
Normal
Resources
Standard
Victory
Conquest
Starting age
Dark Age
Ending age
Imperial Age
RankedLock teamsTeams togetherTeam positionsShared explorationLock speedFull tech treeHidden civsTurbo modeCheats
Victory
Defeat
🇩🇪 Wei · Germany
2214
+7
🇲🇽 Britons · Mexico
1995
-7
Ux'Chimtzin
6:37 Loom
8:53 Feudal Age
9:39 Double-Bit Axe
19:49 Castle Age
18:11 Fletching
18:22 Horse Collar
19:43 Padded Archer Armor
20:08 Crossbowman
20:46 Bodkin Arrow
22:57 Bow Saw
25:10 Wheelbarrow
24:48 Town Watch
26:01 Crossbowman
27:54 Ballistics
29:19 Gold Mining
29:23 Stone Mining
32:00 Pikeman
32:41 Squires
33:13 Heavy Plow
39:20 Imperial Age
37:26 Scale Mail Armor
38:05 Leather Archer Armor
39:16 Hand Cart
Orca17
6:13 Loom
9:06 Feudal Age
10:14 Double-Bit Axe
10:12 Horse Collar
14:44 Gold Mining
16:34 Fletching
18:02 Padded Archer Armor
22:27 Castle Age
21:57 Scale Barding Armor
23:31 Bow Saw
23:22 Heavy Plow
26:58 Husbandry
28:27 Bloodlines
30:15 Chain Barding Armor
30:41 Forging
35:36 Iron Casting
36:04 Wheelbarrow
37:51 Hand Cart
40:07 Imperial Age
38:19 Bodkin Arrow
38:55 Ballistics
Connection lost

Rejoining the realm…

Still unreachable

The connection could not be restored.

Session expired

The server has moved on; the page needs a fresh start.